 Dungeon Crawl Stone Soup version 0.13.1-27-ga479965 (webtiles) character file.

141336 Chiseanne the Spry (level 16, -2/132 (134) HPs)
             Began as a Minotaur Artificer on Jan 29, 2014.
             Was the Champion of Nemelex Xobeh.
             Slain by a starcursed mass (9 damage)
             ... while paralysed by accursed screaming
             ... on Level 1 of the Abyss.
             The game lasted 05:04:21 (38152 turns).

Chiseanne the Spry (Minotaur Artificer)            Turns: 38152, Time: 05:04:21

HP  -2/132 (134) AC 21     Str 18      XL: 16   Next: 77%
MP  25/28        EV  2     Int 12      God: Nemelex Xobeh [******]
Gold 163         SH  0     Dex 17      Spells:  5 memorised,  2 levels left

Res.Fire  : + + .   See Invis. : .   a - +3,+2 spear of Bread {flame, Noisy rElec}
Res.Cold  : + . .   Warding    : .   S - +1 scale mail of Dafin {+Rage +Inv rF+ Str+1 Int+2}
Life Prot.: + + .   Conserve   : +   j - +3 dwarf buckler {rN+}
Res.Poison: +       Res.Corr.  : .   m - +0 wizard hat
Res.Elec. : +       Clarity    : .   R - +0 cloak
Sust.Abil.: . .     Spirit.Shd : .   c - +2 pair of gloves "Umuiguyxas" {Int+1 Stlth+}
Res.Mut.  : .       Stasis     : .   v - +0 pair of boots of the Failed Coup {+Fly rF+ rN+ Acc-6}
Res.Rott. : .       Flight     : +   P - amulet of conservation
Saprovore : . . .                    t - ring of the Oligarchy {-Cast rC+ MR}
                                     l - ring of regeneration

@: paralysed, about to teleport, flying, quite resistant to hostile
enchantments, unstealthy
A: retaliatory headbutt, horns 2, blurry vision 1, poison resistance, slow
healing 1, AC +4
a: Draw One, Peek at Two, Triple Draw, Deal Four, Stack Five, Renounce Religion,
Evoke Berserk Rage, Evoke Invisibility


You were on level 1 of the Abyss.
You worshipped Nemelex Xobeh.
Nemelex Xobeh was exalted by your worship.
You were not hungry.

You visited 5 branches of the dungeon, and saw 34 of its levels.
You visited the Abyss 1 time.
You visited 1 bazaar.
You also visited: Labyrinth and Volcano.

You collected 3228 gold pieces.
You spent 3085 gold pieces at shops.

Inventory:

Hand weapons
 a - the +3,+2 spear of Bread (weapon) {flame, Noisy rElec}
   (You found it on level 7 of the Dungeon)

   It emits flame when wielded, causing extra injury to most foes and up to
   double damage against particularly susceptible opponents.
   It insulates you from electricity.
   It makes noises.
 w - a +5 blowgun
Missiles
 D - 10 curare-tipped needles
Armour
 c - the +2 pair of gloves "Umuiguyxas" (worn) {Int+1 Stlth+}
   (You bought it in a shop on level 4 of the Orcish Mines)

   It affects your intelligence (+1).
   It makes you much more stealthy.
 j - a +3 dwarven buckler of positive energy (worn)
 m - a +0 wizard hat (worn)
 v - the +0 pair of boots of the Failed Coup (worn) {+Fly rF+ rN+ Acc-6}
   (You acquired it on level 6 of the Lair of Beasts)

   It affects your accuracy (-6).
   It protects you from fire.
   It protects you from negative energy.
   It lets you fly.
 R - a +0 cloak (worn)
 S - the +1 scale mail of Dafin (worn) {+Rage +Inv rF+ Str+1 Int+2}
   (You found it on level 5 of the Lair of Beasts)

   It affects your strength (+1).
   It affects your intelligence (+2).
   It protects you from fire.
   It lets you turn invisible.
   It lets you go berserk.
Magical devices
 h - a wand of disintegration (16)
 o - a wand of heal wounds (1)
 C - a wand of fireball (3)
 X - a wand of teleportation (5)
 Z - a wand of disintegration (6)
Comestibles
 f - 14 bread rations
 z - 2 meat rations
Scrolls
 n - 3 scrolls of remove curse
 q - 7 scrolls of identify
 u - 2 scrolls of fog
 y - a scroll of teleportation
 A - a scroll of recharging
 Q - a scroll of silence
 W - a scroll of magic mapping
 Y - a scroll of enchant weapon I
Jewellery
 d - a +2 ring of protection
 g - an uncursed ring of see invisible
 l - a ring of regeneration (left hand)
 s - an uncursed ring of protection from fire
 t - the ring of the Oligarchy (right hand) {-Cast rC+ MR}
   (You found it on level 3 of the Lair of Beasts)

   [ring of protection from magic]

   It protects you from cold.
   It prevents spellcasting.
 x - an uncursed ring of flight
 K - an uncursed ring of teleportation
 P - an amulet of conservation (around neck)
Potions
 i - 2 potions of magic
 F - 2 potions of resistance
 H - 3 potions of flight
 N - a potion of heal wounds
Books
 b - a book of Transfigurations

   Spells                             Type                      Level
   Stoneskin                          Transmutation/Earth          2
   Polymorph                          Hexes/Transmutation          4
   Ice Form                           Ice/Transmutation            4
   Statue Form                        Transmutation/Earth          6
   Dragon Form                        Transmutation                7
 e - a book of Beasts

   Spells                             Type                      Level
   Summon Butterflies                 Summoning                    1
   Sticks to Snakes                   Transmutation                2
   *Call Canine Familiar              Summoning                    3
   Ice Form                           Ice/Transmutation            4
   Summon Ice Beast                   Ice/Summoning                4
   Summon Hydra                       Summoning                    7
Miscellaneous
 k - an ornate deck of destruction {god gift}
 p - an ornate deck of escape {the Portal, left: 3} {god gift}
 r - a phial of floods
 B - a plain deck of destruction {drawn: 1} {god gift}
 E - an ornate deck of escape {drawn: 1} {god gift}
 G - a plain deck of destruction {drawn: 3} {god gift}
 J - a fan of gales
 L - an ornate deck of escape {Swap, left: 4} {god gift}
 M - a plain deck of defence {the Mercenary, left: 2}
 T - a fan of gales
 U - an ornate deck of escape {drawn: 2} {god gift}


   Skills:
 * Level 11.6 Fighting
   Level 1.1 Short Blades
   Level 5.9 Axes
 * Level 13.2 Polearms
   Level 6.6 Staves
 * Level 13.7 Armour
 * Level 15.8 Dodging
 - Level 3.0 Stealth
 * Level 12.8 Shields
 - Level 2.3 Translocations
   Level 2.7 Earth Magic
 * Level 12.5 Evocations


You had 2 spell levels left.
You knew the following spells:

 Your Spells              Type           Power        Failure   Level  Hunger
a - Apportation           Tloc           #.........   30%         1    ##.....
b - Summon Small Mammal   Summ           #...         69%         1    ##.....
c - Shadow Creatures      Summ           N/A          100%        5    ######.
d - Call Canine Familiar  Summ           #.........   99%         3    ####...
e - Abjuration            Summ           #.........   99%         3    ####...


Dungeon Overview and Level Annotations

Branches:
Dungeon (20/27)            Temple (1/1) D:5             Orc (4/4) D:11
    Elf (1/3) Orc:3          Lair (8/8) D:10         Shoals (0/5) Lair:4
 Spider (0/5) Lair:4        Slime (0/6) Lair:8
 Vaults: D:15-20

Altars:
Ashenzari
Cheibriados
Elyvilon
Fedhas
Kikubaaqudgha
Makhleb
Nemelex Xobeh
Okawaru
Sif Muna
Trog
Vehumet
Xom
Yredelemnul
Zin
the Shining One
Beogh
Lugonu

Shops:
D:16 (   D:17 }   Orc:4 [[*}

Portals:
Hell: Lair:8
Trove: D:10 (give 6 potions of speed)

Annotations:
D:19 exclusion: orange crystal statue
Orc:3 exclusions: orange crystal statue and silver statue
Lair:1 exclusion: ice statue
Lair:8 exclusion: oklob plant


Innate Abilities, Weirdness & Mutations

You reflexively headbutt those who attack you in melee.
You have a pair of horns on your head.
You are partially covered in iridescent scales (AC +4).
Your vision is a little blurry.
Your system is resistant to poisons.
You heal slowly.


Message History

The cacodemon gestures at you. You resist.
The reaper hits you but does no damage. The starcursed mass barely misses you.
k - an ornate deck of cards {god gift} You start to feel a little uncertain.
A cacophony of accursed wailing tears at your sanity!
* * * LOW HITPOINT WARNING * * *
You suddenly lose the ability to move!
It hits you but does no damage. The starcursed mass engulfs you!
* * * LOW HITPOINT WARNING * * *
The starcursed mass engulfs you but does no damage.
The starcursed mass engulfs you.
* * * LOW HITPOINT WARNING * * *
It hits you but does no damage.
The reaper hits you from afar with a glowing scythe!
* * * LOW HITPOINT WARNING * * *
The starcursed mass engulfs you but does no damage.
The starcursed mass engulfs you!
You die...
Your body glows with a rainbow of weird colours and disappears.

. . ......... .
#...#................ . .
........... ..... ....
..##...... ......
.......##......##......#
.. .....................
.. ... ....X...........
#.XX#.X....XX.2X..2......
..........XX.XXX@........
.X ...X.....XXXX........
##......X..XXX........
..#.. .##....X.##......#
.......##...X..# ......#
. . .X ............... ..
.###..#.### .#...# .#..#
#..... #.# #.. .....


You could see 18 starcursed masses, a cacodemon, a reaper and a large
abomination.

Vanquished Creatures
  Nikola (D:17)
  Rupert (D:14)
  The ghost of Tafferling the Markscentaur, a powerful CeAM of Okawaru (D:14)
  A stone giant (D:13)
  The ghost of smajdalf the Geomancer, a powerful DrCj of Vehumet (D:13)
  A minotaur (Lab)
  5 hydras
  Fannar (Lair:3)
  Harold (Orc:2)
  Nessos (D:17)
  A dragon (D:19)
  A death yak (Lair:8)
  4 ogre magi
  A very ugly thing (D:14)
  A fire crab (shapeshifter) (D:16)
  6 centaur warriors
  Erolcha (D:8)
  6 skeletal warriors
  13 hill giants
  3 unseen horrors
  A wizard (Lair:8)
  An orc knight (D:17)
  2 giant amoebae
  Joseph (D:8)
  A stone giant zombie (D:20)
  3 oklob plants (Lair:6)
  An orc sorcerer (D:20)
  7 cyclopes
  5 griffons
  A fire giant skeleton (D:20)
  A spiny worm (D:17)
  A stone giant skeleton (D:20)
  5 black mambas
  Edmund (D:7)
  A vapour (Orc:2)
  2 feature mimics
  2 yaktaurs
  A hellwing (Orc:2)
  4 spiny frogs
  3 wandering mushrooms (Lair:5)
  A queen bee (shapeshifter) (D:18)
  4 fire drakes
  15 trolls
  A yaktaur (shapeshifter) (D:19)
  8 komodo dragons
  A fire vortex (Volcano)
  7 blink frogs
  Prince Ribbit (D:9)
  A red wasp zombie (D:17)
  11 two-headed ogres
  A hydra skeleton (D:10)
  19 slime creatures
  2 fire elementals (Volcano)
  A ynoxinul (D:18)
  A redback (shapeshifter) (D:18)
  4 basilisks
  43 yaks
  3 shadows
  2 elephant slugs
  45 ugly things
  2 hill giant zombies (D:12)
  4 trapdoor spiders (Lair:4)
  A hippogriff (shapeshifter) (D:14)
  Eustachio (D:6)
  18 centaurs
  11 hippogriffs
  2 hungry ghosts
  8 vampire mosquitoes
  2 rock worms
  2 manticores (D:9)
  4 wraiths
  2 molten gargoyles (Volcano)
  2 hogs (D:15)
  A soldier ant (shapeshifter) (D:20)
  7 wolves
  A mottled dragon (D:20)
  A necrophage (D:11)
  A freezing wraith (D:19)
  A phantom (D:6)
  2 porcupines
  A deep dwarf (D:10)
  3 giant goldfish
  15 orc warriors
  A tengu (shapeshifter) (D:15)
  3 sky beasts
  A yellow wasp (D:18)
  30 ogres
  2 boring beetles (Lair:7)
  The ghost of smajdalf the Ruinous, an average DrCj (D:3)
  10 giant slugs
  A rotting devil (Orc:3)
  17 big kobolds
  20 giant frogs
  A brain worm (D:17)
  11 crocodiles
  5 gnoll sergeants (D:5)
  7 water moccasins
  An insubstantial wisp (D:18)
  8 agate snails
  24 orc wizards
  A hippogriff zombie (D:12)
  2 jellyfish (Lair:5)
  2 yak zombies
  18 killer bees
  A troll skeleton (D:11)
  5 wights (D:7)
  5 goliath beetles
  A centaur zombie (D:12)
  A quasit (Orc:2)
  A vampire bat (Orc:2)
  A giant frog zombie (D:13)
  14 hounds
  4 jellies
  A boring beetle zombie (D:17)
  16 crimson imps
  An iron imp (D:6)
  21 orc priests
  3 gnoll shamans (D:5)
  A soldier ant zombie (D:13)
  10 iguanas
  A centaur skeleton (D:6)
  An orange rat (D:9)
  11 worker ants
  A basilisk skeleton (D:13)
  5 scorpions
  2 big fish (Lair:5)
  A big kobold zombie (D:11)
  17 sheep
  A hound zombie (D:6)
  2 boggarts (D:14)
  An ogre skeleton (D:7)
  A mottled dragon skeleton (D:11)
  25 gnolls
  23 adders
  49 green rats
  A lemure (Orc:3)
  4 giant centipedes
  A giant mite (D:5)
  A white imp (Orc:2)
  3 worms
  5 ufetubi
  2 adder skeletons
  A giant eyeball (D:13)
  3 giant geckos
  137 orcs
  3 ball pythons
  20 bats
  20 goblins
  17 hobgoblins
  40 jackals
  40 kobolds
  10 quokkas
  5 giant cockroaches
  4 giant newts
  A goblin zombie (D:5)
  A hobgoblin simulacrum (Orc:2)
  6 illusory rakshasas
  A kobold skeleton (D:6)
  2 orc skeletons
  3 orc zombies
  25 rats
  A rat skeleton (D:6)
  2 ballistomycetes (D:6)
  5 fungi
1115 creatures vanquished.

Vanquished Creatures (collateral kills)
  Kirke (D:15)
  Louise (D:17)
  An orc warlord (D:17)
  2 dire elephants (Lair:8)
  A yaktaur captain (D:13)
  Josephine (Orc:2)
  6 hydras
  An ogre mage (D:14)
  3 death yaks (Lair:5)
  A rakshasa (D:14)
  A fire crab (D:15)
  A very ugly thing (D:14)
  A centaur warrior (D:16)
  2 deep trolls (Orc:4)
  4 giant amoebae
  3 hill giants
  An orc sorcerer (D:18)
  A stone giant zombie (D:19)
  4 orc knights
  A red wasp (D:17)
  A stone giant skeleton (D:19)
  Maurice (D:12)
  An eye of devastation (D:18)
  6 trolls
  A red wasp zombie (D:18)
  3 blink frogs (Lair:2)
  A brown ooze (Lair:8)
  17 slime creatures
  4 two-headed ogres
  A basilisk (Lair:8)
  A griffon skeleton (D:19)
  A wyvern (D:17)
  10 ugly things
  A golden eye (shapeshifter) (D:16)
  A shark (D:10)
  14 yaks
  A fire elemental (Volcano)
  A spiny worm zombie (D:18)
  2 soldier ants
  A wolf (D:10)
  3 vampire mosquitoes
  A gargoyle (D:19)
  A kobold demonologist (D:13)
  A black bear (D:10)
  5 orc warriors
  2 ice beasts
  6 ogres
  An ogre (shapeshifter) (D:19)
  2 centaurs
  4 big kobolds
  A warg (Orc:2)
  2 crocodiles (Lair:8)
  3 agate snails (Lair:8)
  3 yellow wasps
  A yak zombie (D:18)
  2 jellyfish (D:10)
  A vampire bat (Orc:2)
  2 electric eels (D:10)
  3 hounds
  A two-headed ogre zombie (D:14)
  2 jellies
  A warg zombie (Orc:2)
  8 orc priests
  2 big fish (D:10)
  3 orc wizards
  A worker ant (D:10)
  An ogre skeleton (D:10)
  3 adders
  A lemure (D:13)
  A worm (shapeshifter) (D:15)
  A giant mite (Lair:2)
  An ufetubus (D:18)
  40 orcs
  A hobgoblin (D:10)
  2 bats (Orc:2)
  3 goblins
  A hobgoblin zombie (Orc:2)
  8 illusory rakshasas (D:14)
  8 kobolds
  An orc skeleton (Orc:2)
  8 orc zombies (Orc:2)
  A butterfly (D:10)
249 creatures vanquished.

Vanquished Creatures (others)
  A green death (D:14)
  An ogre mage (Orc:4)
  3 very ugly things
  3 dancing weapons
  2 skeletal warriors
  2 griffons
  A hellion (Orc:3)
  An orange demon (D:18)
  5 vapours
  2 water elementals (D:17)
  3 spiny frogs
  A hell beast (D:17)
  5 air elementals
  A polar bear (D:15)
  A fire vortex (Volcano)
  4 giant fireflies
  A basilisk (D:13)
  4 ugly things
  A chaos spawn (D:18)
  A hog (Lair:8)
  6 vampire mosquitoes
  4 soldier ants
  2 hippogriffs
  A wolf (D:15)
  3 yellow wasps (D:18)
  4 ogres (Orc:4)
  A sky beast (D:8)
  2 black bears (D:18)
  A boring beetle (Lair:8)
  A warg (Orc:4)
  3 agate snails
  8 insubstantial wisps
  A killer bee (D:17)
  A yak zombie (D:18)
  A crimson imp (D:10)
  2 hounds
  An orc priest (D:20)
  5 orange rats
  A giant frog skeleton (D:10)
  A human (D:15)
  An orc wizard (Orc:4)
  3 sheep
  A boggart (D:14)
  2 lemures
  An adder (Lair:3)
  A shadow imp (Orc:4)
  5 orcs
  A kobold (D:4)
  A giant spore (D:6)
  2 hobgoblin skeletons
  4 butterflies
  A fungus (Lair:5)
  2 plants
117 creatures vanquished.

Grand Total: 1481 creatures vanquished

Notes
Turn   | Place    | Note
--------------------------------------------------------------
     0 | D:1      | Chiseanne, the Minotaur Artificer, began the quest for the Orb.
     0 | D:1      | Reached XP level 1. HP: 17/17 MP: 1/1
   575 | D:2      | Reached skill level 3 in Evocations
   575 | D:2      | Reached XP level 2. HP: 14/24 MP: 2/2
   621 | D:2      | Reached skill level 1 in Armour
   638 | D:2      | Reached XP level 3. HP: 29/29 MP: 3/3
   802 | D:2      | Found a shattered altar of Ashenzari.
   802 | D:2      | Found a white marble altar of Elyvilon.
  1214 | D:3      | Reached XP level 4. HP: 27/36 MP: 4/4
  1215 | D:3      | Noticed smajdalf's ghost (average DrCj)
  1404 | D:3      | Reached skill level 1 in Axes
  1528 | D:3      | Reached XP level 5. HP: 29/42 MP: 5/5
  1612 | D:3      | Killed smajdalf's ghost
  1612 | D:3      | Reached skill level 4 in Dodging
  1612 | D:3      | Reached skill level 1 in Shields
  2413 | D:4      | Reached XP level 6. HP: 32/49 MP: 7/7
  2523 | D:5      | Entered Level 5 of the Dungeon
  2615 | D:5      | Noticed a wolf
  2617 | D:5      | Killed a wolf
  2617 | D:5      | Reached skill level 5 in Dodging
  2617 | D:5      | Reached XP level 7. HP: 56/56 MP: 7/7
  2714 | D:5      | HP: 1/56 [gnoll sergeant/spear (6)]
  2790 | D:4      | Paralysed by a potion of paralysis for 3 turns
  2983 | D:5      | Reached skill level 6 in Dodging
  2985 | D:5      | Reached XP level 8. HP: 55/63 MP: 8/8
  3550 | D:5      | Found a staircase to the Ecumenical Temple.
  3572 | Temple   | Entered the Ecumenical Temple
  3621 | Temple   | Became a worshipper of Nemelex Xobeh
  3645 | Temple   | Received a gift from Nemelex Xobeh
  3660 | Temple   | Gained mutation: Your vision is a little blurry. [helix card]
  3664 | Temple   | Acquired Nemelex Xobeh's first power
  3727 | D:5      | Reached skill level 1 in Stealth
  3803 | D:5      | Acquired Nemelex Xobeh's second power
  4146 | D:5      | Acquired Nemelex Xobeh's third power
  4146 | D:5      | Received a gift from Nemelex Xobeh
  4236 | D:5      | Noticed an angel
  4238 | D:5      | Found a glowing silver altar of Zin.
  4239 | D:5      | Found a shimmering altar of Xom.
  4352 | D:5      | Reached skill level 7 in Dodging
  4842 | D:3      | Received a gift from Nemelex Xobeh
  5437 | D:6      | Learned a level 1 spell: Apportation
  5439 | D:6      | Learned a level 1 spell: Summon Butterflies
  5513 | D:6      | Reached skill level 5 in Fighting
  5513 | D:6      | Reached skill level 5 in Axes
  5574 | D:6      | Noticed Eustachio
  5576 | D:6      | Reached skill level 5 in Evocations
  5576 | D:6      | Reached XP level 9. HP: 71/71 MP: 11/11
  5594 | D:6      | Killed Eustachio
  5594 | D:6      | Reached skill level 5 in Armour
  5956 | D:6      | Acquired Nemelex Xobeh's fourth power
  6220 | D:7      | Found an iron altar of Okawaru.
  6340 | D:7      | Noticed Edmund
  6369 | D:7      | Killed Edmund
  6532 | D:7      | Got a smoking spear
  6564 | D:7      | Identified the cursed +3,+2 spear of Bread {flame, Noisy rElec} (You found it on level 7 of the Dungeon)
  6739 | D:7      | Reached skill level 1 in Polearms
  6776 | D:7      | Reached skill level 8 in Dodging
  6844 | D:7      | Received a gift from Nemelex Xobeh
  7121 | D:8      | Noticed Joseph
  7132 | D:8      | Killed Joseph
  7132 | D:8      | Reached skill level 5 in Shields
  7132 | D:8      | Reached XP level 10. HP: 71/81 MP: 13/14
  7251 | D:8      | Noticed Erolcha
  7256 | D:8      | Found a basalt altar of Yredelemnul.
  7344 | D:8      | Killed Erolcha
  7454 | D:8      | Found a glowing golden altar of the Shining One.
  7543 | D:8      | Acquired Nemelex Xobeh's fifth power
  7549 | D:8      | Found Mawomearr's Food Boutique.
  7562 | D:8      | Bought a pear for 10 gold pieces
  7562 | D:8      | Bought a meat ration for 52 gold pieces
  7562 | D:8      | Bought 12 sultanas for 15 gold pieces
  7562 | D:8      | Bought a meat ration for 52 gold pieces
  7562 | D:8      | Bought an orange for 15 gold pieces
  7562 | D:8      | Bought a bread ration for 52 gold pieces
  7587 | D:8      | Found a glowing golden altar of the Shining One.
  7696 | D:8      | Received a gift from Nemelex Xobeh
  7700 | D:8      | Reached skill level 9 in Dodging
  7844 | D:9      | Found a burning altar of Makhleb.
  7902 | D:9      | Reached skill level 5 in Polearms
  7915 | D:9      | Received a gift from Nemelex Xobeh
  8008 | D:9      | Received a gift from Nemelex Xobeh
  8024 | D:9      | Found a snail-covered altar of Cheibriados.
  8031 | D:9      | Noticed Prince Ribbit
  8041 | D:9      | Killed Prince Ribbit
  8201 | D:9      | Noticed a hill giant
  8232 | D:9      | Killed a hill giant
  8420 | D:10     | Entered Level 10 of the Dungeon
  8527 | D:10     | Found a portal to a secret trove of treasure.
  8533 | D:10     | Received a gift from Nemelex Xobeh
  8864 | D:10     | Received a gift from Nemelex Xobeh
  8914 | D:10     | Noticed a hill giant
  8922 | D:10     | Reached skill level 10 in Dodging
  8922 | D:10     | Reached XP level 11. HP: 86/89 MP: 17/17
  8944 | D:10     | Found a staircase to the Lair.
  8963 | D:10     | Killed a hill giant
  9672 | D:10     | Received a gift from Nemelex Xobeh
  9921 | Lair:1   | Entered Level 1 of the Lair of Beasts
  9921 | Lair:1   | Noticed an eight-headed hydra
  9924 | Lair:1   | Killed an eight-headed hydra
 10379 | Lair:1   | Received a gift from Nemelex Xobeh
 10634 | Lair:1   | Reached skill level 11 in Dodging
 11045 | Lair:1   | Noticed an ice statue
 11659 | Lair:2   | Noticed an eight-headed hydra
 11989 | D:11     | Received a gift from Nemelex Xobeh
 12263 | D:11     | Found a staircase to the Orcish Mines.
 12406 | D:11     | Noticed a hill giant
 12423 | D:11     | Killed a hill giant
 12745 | D:11     | Received a gift from Nemelex Xobeh
 12996 | D:12     | Noticed Maurice
 13005 | D:12     | Received a gift from Nemelex Xobeh
 13005 | D:12     | Killed Maurice
 13005 | D:12     | Reached XP level 12. HP: 97/97 MP: 12/20
 13332 | D:12     | Received a gift from Nemelex Xobeh
 13741 | D:12     | Learned a level 5 spell: Shadow Creatures
 14123 | D:13     | Noticed smajdalf's ghost (powerful DrCj)
 14427 | D:13     | Reached skill level 12 in Dodging
 14713 | D:13     | Found a burning altar of Makhleb.
 14714 | D:13     | Found an ancient bone altar of Kikubaaqudgha.
 14715 | D:13     | Noticed a yaktaur captain
 14721 | D:13     | Noticed a stone giant
 14882 | D:13     | Noticed a six-headed hydra
 14926 | D:13     | Killed a yaktaur captain
 15129 | D:13     | Received a gift from Nemelex Xobeh
 15200 | D:13     | Killed smajdalf's ghost
 15305 | D:13     | Paralysed by a giant eyeball for 3 turns
 15314 | D:13     | Paralysed by a giant eyeball for 3 turns
 15340 | D:13     | Killed a six-headed hydra
 15617 | D:13     | Killed a stone giant
 15818 | D:14     | Entered Level 14 of the Dungeon
 15833 | D:14     | Noticed Tafferling's ghost (powerful CeAM)
 15862 | D:14     | Killed Tafferling's ghost
 15979 | D:14     | Reached skill level 13 in Dodging
 16108 | D:14     | Reached XP level 13. HP: 106/106 MP: 22/22
 16312 | D:14     | Noticed Rupert
 16317 | D:14     | Paralysed by Rupert for 5 turns
 16344 | D:14     | Killed Rupert
 16704 | Lair:2   | Killed an eight-headed hydra
 16890 | Lair:2   | Gained mutation: Your muscles are strong. (Str +2) [potion of beneficial mutation]
 17417 | Lair:3   | Reached skill level 10 in Polearms
 17441 | Lair:3   | Noticed Fannar
 17456 | Lair:3   | Killed Fannar
 17456 | Lair:3   | Reached skill level 10 in Shields
 17461 | Lair:3   | Received a gift from Nemelex Xobeh
 17758 | Lair:3   | Got a steaming iron ring
 17866 | Lair:1   | Identified the ring of the Oligarchy {-Cast rC+ MR} (You found it on level 3 of the Lair of Beasts)
 18976 | Lair:4   | Found a bloodstained altar of Trog.
 19097 | Lair:4   | Found a staircase to the Shoals.
 19161 | Lair:4   | Received a gift from Nemelex Xobeh
 19312 | Lair:4   | Reached skill level 10 in Evocations
 19321 | Lair:4   | Found a hole to the Spider Nest.
 19912 | Lair:5   | Gained mutation: You have a fast metabolism. [potion of mutation]
 19912 | Lair:5   | Lost mutation: You have a fast metabolism. [potion of mutation]
 19912 | Lair:5   | Gained mutation: You are partially covered in iridescent scales (AC +4). [potion of mutation]
 20270 | Lair:5   | Reached skill level 10 in Fighting
 20430 | Lair:5   | Got an ancient scale mail
 20442 | Lair:5   | Identified the +1 scale mail of Dafin {+Rage +Inv rF+ Str+1 Int+2} (You found it on level 5 of the Lair of Beasts)
 20517 | Lair:5   | Reached skill level 14 in Dodging
 20523 | Lair:5   | Received a gift from Nemelex Xobeh
 20995 | Lair:5   | Received a gift from Nemelex Xobeh
 21602 | Lair:6   | Identified a scroll of acquirement
 21605 | Lair:6   | Got a pair of fine boots
 21609 | Lair:6   | Identified the +0 pair of boots of the Failed Coup {+Fly rF+ rN+ Acc-6} (You acquired it on level 6 of the Lair of Beasts)
 22043 | Lair:6   | Received a gift from Nemelex Xobeh
 22107 | Lair:6   | Paralysed by you for 6 turns
 22494 | Lair:6   | Received a gift from Nemelex Xobeh
 22573 | Lair:6   | Reached XP level 14. HP: 56/115 MP: 24/24
 22975 | Lair:7   | Found a labyrinth entrance.
 22985 | Lab      | Entered a labyrinth
 23128 | Lab      | Reached skill level 10 in Armour
 23154 | Lab      | Identified the Incunabulum of Mana
 23219 | Lair:7   | Received a gift from Nemelex Xobeh
 23982 | Lair:8   | Entered Level 8 of the Lair of Beasts
 24421 | Lair:8   | Found a basalt altar of Yredelemnul.
 24431 | Lair:8   | Received a gift from Nemelex Xobeh
 24524 | Lair:8   | Found a staircase to the Slime Pits.
 24546 | Lair:8   | Received a gift from Nemelex Xobeh
 25342 | Lair:8   | Found a burning altar of Makhleb.
 25344 | Lair:8   | Found a gateway to Hell.
 25344 | Lair:8   | Received a gift from Nemelex Xobeh
 25372 | Lair:7   | Identified a +2 rod of striking (8/8) (You found it on level 8 of the Lair of Beasts)
 25723 | Lair:1   | Learned a level 1 spell: Summon Small Mammal
 25727 | Lair:1   | Learned a level 3 spell: Abjuration
 25870 | Orc:1    | Entered Level 1 of the Orcish Mines
 25936 | Orc:1    | Received a gift from Nemelex Xobeh
 26289 | Orc:2    | Received a gift from Nemelex Xobeh
 26344 | Orc:2    | Received a gift from Nemelex Xobeh
 26621 | Orc:1    | Received a gift from Nemelex Xobeh
 26951 | Orc:2    | Noticed Josephine
 26959 | Orc:2    | Killed Josephine
 27038 | Orc:2    | Received a gift from Nemelex Xobeh
 27156 | Orc:2    | Noticed Harold
 27162 | Orc:2    | Killed Harold
 27514 | Orc:3    | Received a gift from Nemelex Xobeh
 27658 | Orc:3    | Received a gift from Nemelex Xobeh
 27692 | Orc:3    | Found a staircase to the Elven Halls.
 27854 | Orc:3    | Found a dark tunnel.
 27874 | Volcano  | Entered a volcano
 28275 | Orc:4    | Entered Level 4 of the Orcish Mines
 28275 | Orc:4    | Found Uleus' Antique Armour Boutique.
 28275 | Orc:4    | Found Wiabrae's Gadget Shoppe.
 28275 | Orc:4    | Found Triyhiyd's Antique Armour Shoppe.
 28372 | Elf:1    | Entered Level 1 of the Elven Halls
 28573 | Orc:3    | Received a gift from Nemelex Xobeh
 28648 | Orc:3    | Found a roughly hewn altar of Beogh.
 28833 | Orc:4    | Received a gift from Nemelex Xobeh
 29349 | Orc:4    | Received a gift from Nemelex Xobeh
 29499 | Orc:4    | Reached skill level 15 in Dodging
 29508 | Orc:4    | Received a gift from Nemelex Xobeh
 29591 | Orc:4    | Bought a pair of heavily runed gloves for 210 gold pieces
 29597 | Orc:4    | Identified the +2 pair of gloves "Umuiguyxas" {Int+1 Stlth+} (You bought it in a shop on level 4 of the Orcish Mines)
 29607 | Orc:4    | Found Caud Tau's Assorted Antiques.
 29613 | Orc:4    | Bought a dazzling cloak for 180 gold pieces
 29613 | Orc:4    | Bought a pair of transparent boots for 195 gold pieces
 29618 | Orc:4    | Identified the cursed -3 cloak of Amelioration {Dex-2 Int+4 Dam-3} (You bought it in a shop on level 4 of the Orcish Mines)
 29628 | Orc:4    | Identified the -2 pair of boots of Foownuh {rC+ Stlth++} (You bought it in a shop on level 4 of the Orcish Mines)
 29653 | Orc:4    | Bought a scroll of identify for 48 gold pieces
 29653 | Orc:4    | Bought a scroll of remove curse for 72 gold pieces
 29653 | Orc:4    | Bought a scroll of remove curse for 72 gold pieces
 29653 | Orc:4    | Bought a scroll of amnesia for 132 gold pieces
 29873 | Orc:4    | Bought an ominously black robe for 193 gold pieces
 29873 | Orc:4    | Bought a ring mail for 136 gold pieces
 29873 | Orc:4    | Bought a steaming chain mail for 544 gold pieces
 29887 | Orc:4    | Identified the cursed -5 robe of Birdsong {+Fly Int+1} (You bought it in a shop on level 4 of the Orcish Mines)
 29907 | Orc:4    | Identified the cursed +0 chain mail of Instinct {rC++} (You bought it in a shop on level 4 of the Orcish Mines)
 30512 | D:14     | Received a gift from Nemelex Xobeh
 30578 | D:14     | Learned a level 3 spell: Call Canine Familiar
 31070 | D:14     | Received a gift from Nemelex Xobeh
 31162 | D:15     | Entered Level 15 of the Dungeon
 31275 | D:15     | Noticed Kirke
 31317 | D:15     | Killed Kirke
 31437 | D:15     | Found Deoc's Food Shop.
 31446 | D:15     | Bought a meat ration for 44 gold pieces
 31446 | D:15     | Bought a meat ration for 44 gold pieces
 31446 | D:15     | Bought a pear for 8 gold pieces
 31446 | D:15     | Bought 10 grapes for 11 gold pieces
 31446 | D:15     | Bought a bread ration for 44 gold pieces
 31446 | D:15     | Bought a choko for 4 gold pieces
 31446 | D:15     | Bought a bread ration for 44 gold pieces
 31446 | D:15     | Bought an apple for 8 gold pieces
 31446 | D:15     | Bought a choko for 4 gold pieces
 31446 | D:15     | Bought a meat ration for 44 gold pieces
 31446 | D:15     | Bought a bread ration for 44 gold pieces
 31446 | D:15     | Bought an apple for 8 gold pieces
 31482 | D:15     | Received a gift from Nemelex Xobeh
 31677 | D:15     | Reached XP level 15. HP: 117/121 MP: 23/26
 31732 | D:15     | Received a gift from Nemelex Xobeh
 31943 | D:16     | Found Qaon's Weapon Shoppe.
 32045 | D:16     | Received a gift from Nemelex Xobeh
 32584 | D:17     | Noticed Louise
 32611 | D:17     | Killed Louise
 32618 | D:17     | Noticed Nessos
 32621 | D:17     | Received a gift from Nemelex Xobeh
 32636 | D:17     | Killed Nessos
 33027 | D:17     | Found Axaurphou's Gadget Shop.
 33047 | D:17     | Bought a plain deck of wonders for 560 gold pieces
 33050 | D:17     | Lost mutation: Your muscles are strong. (Str +2) [helix card]
 33050 | D:17     | Gained mutation: Your body is slowly deteriorating. [helix card]
 33050 | D:17     | Received a gift from Nemelex Xobeh
 33055 | D:17     | Lost mutation: Your body is slowly deteriorating. [helix card]
 33055 | D:17     | Gained mutation: Your system is resistant to poisons. [helix card]
 33059 | D:17     | Paralysed by a potion of paralysis for 3 turns
 33084 | D:17     | Reached skill level 1 in Staves
 33103 | D:17     | Reached XP level 16. HP: 130/130 MP: 9/27
 33337 | D:17     | Noticed Nikola
 33378 | D:17     | Killed Nikola
 33378 | D:17     | Reached skill level 5 in Staves
 33667 | D:17     | Found a roughly hewn altar of Beogh.
 33820 | D:17     | Received a gift from Nemelex Xobeh
 33981 | D:17     | Found an ancient bone altar of Kikubaaqudgha.
 34044 | D:17     | Paralysed by an ogre mage for 5 turns
 34049 | D:17     | Reached skill level 1 in Translocations
 34093 | D:17     | Received a gift from Nemelex Xobeh
 34368 | D:18     | Reached skill level 1 in Earth Magic
 34745 | D:18     | Received a gift from Nemelex Xobeh
 35319 | D:18     | Received a gift from Nemelex Xobeh
 35649 | D:18     | Found a shimmering altar of Xom.
 35978 | D:19     | Received a gift from Nemelex Xobeh
 36091 | D:19     | Received a gift from Nemelex Xobeh
 36160 | D:19     | Got a pair of jewelled boots
 36170 | D:19     | Identified the -6 pair of boots "Blaan" {rC++ Str-3 Dex+3} (You acquired it on level 19 of the Dungeon)
 36488 | D:19     | Yermak: You can't deom them (:
 36488 | D:19     | Yermak: drwon*
 36488 | D:19     | Yermak: drown**
 36488 | D:19     | Chiseanne: hello :)
 36488 | D:19     | Chiseanne: and why not?
 36488 | D:19     | Chiseanne: but hey at least they cant chase me ;-)
 36490 | D:19     | Chiseanne: ha
 36490 | D:19     | Chiseanne: see?
 36490 | D:19     | Chiseanne: I drowned one
 36490 | D:19     | Yermak: nope
 36490 | D:19     | Yermak: it only fell there
 36490 | D:19     | Chiseanne: where is him then?
 36490 | D:19     | Yermak: He'll emerge
 36490 | D:19     | Chiseanne: hrmpf
 36490 | D:19     | Chiseanne: sucks :-(
 36490 | D:19     | Yermak: not a good weapon for 16xl
 36490 | D:19     | Chiseanne: where has all the fun gone ? *mutters*
 36490 | D:19     | Chiseanne: not at all
 36490 | D:19     | Chiseanne: all my gear sucks
 36490 | D:19     | Chiseanne: Neme isnt gifting much either
 36492 | D:19     | Chiseanne: but at least it has rN
 36510 | D:19     | Chiseanne: Im almost about to delete this char
 36530 | D:19     | Yermak: so many escape
 36531 | D:19     | Chiseanne: yes ..and I turned them off early
 36704 | D:19     | Chiseanne: dunno whats going wrong
 37096 | D:20     | Entered Level 20 of the Dungeon
 37134 | D:20     | Received a gift from Nemelex Xobeh
 37609 | Bazaar   | Entered a bazaar
 37640 | Bazaar   | Found Guycw's Weapon Emporium.
 37640 | Bazaar   | Found Esaric's Magical Wand Shoppe.
 37663 | Bazaar   | Found Grapy's Gadget Emporium.
 37663 | Bazaar   | Found Xatwea's Book Shoppe.
 37733 | Bazaar   | Bought a wand of disintegration (16) for 240 gold pieces
 37906 | D:20     | Received a gift from Nemelex Xobeh
 38057 | D:20     | Cast into the Abyss (the power of Zot)
 38077 | Abyss:1  | Found a corrupted altar of Lugonu.
 38133 | Abyss:1  | Paralysed by accursed screaming for 1 turns
 38146 | Abyss:1  | Paralysed by accursed screaming for 2 turns
 38149 | Abyss:1  | Gained mutation: You heal slowly. [a cacodemon]
 38150 | Abyss:1  | Received a gift from Nemelex Xobeh
 38151 | Abyss:1  | Paralysed by accursed screaming for 2 turns
 38152 | Abyss:1  | Slain by a starcursed mass

Action                   |  1- 3 |  4- 6 |  7- 9 | 10-12 | 13-15 | 16-18 || total
-------------------------+-------+-------+-------+-------+-------+-------++-------
Melee: Hand axe          |    43 |    26 |       |       |       |       ||    69
       War axe           |       |    94 |   367 |       |       |       ||   461
       Spear             |       |       |    73 |  1349 |  2451 |  1459 ||  5332
 Fire: Blowgun           |       |       |       |       |     4 |    12 ||    16
 Cast: Summon Butterflie |       |       |       |     1 |       |       ||     1
Invok: Peek at Two       |       |       |     2 |     8 |    24 |     7 ||    41
       Draw One          |       |       |     4 |    90 |   193 |    64 ||   351
       Stack Five        |       |       |       |     5 |     8 |     3 ||    16
 Abil: Evoke Berserk Rag |       |       |       |     5 |     4 |       ||     9
       Evoke Flight      |       |       |       |       |     3 |     1 ||     4
       Evoke Invisibilit |       |       |       |       |     1 |       ||     1
       End Transformatio |       |       |       |       |       |     1 ||     1
Evoke: Wand              |     2 |     3 |    17 |    46 |    48 |     4 ||   120
       Deck              |       |       |     9 |       |       |       ||     9
       Miscellaneous     |       |       |       |     2 |     2 |     3 ||     7
  Use: Scroll            |     3 |     7 |    13 |     6 |    29 |     6 ||    64
       Potion            |     1 |     3 |    10 |     8 |    14 |    12 ||    48
 Stab: Distracted        |       |       |     1 |     3 |     3 |     4 ||    11
       Sleeping          |       |       |       |       |     3 |       ||     3
       Held in net/web   |       |       |       |       |     1 |       ||     1
       Invisible         |       |       |       |       |     3 |       ||     3
